 Dungeon Crawl Stone Soup version 0.25-a0-189-gf71692caf1 (webtiles) character file.

Game seed: 8335207870123620791, levelgen mode: classic

11488 EnegeticOcto the Cleaver (level 11, -1/99 HPs)
             Began as a Deep Dwarf Fighter on Nov 29, 2019.
             Was a Believer of Makhleb.
             Slain by a daeva
             ... wielding a +4 scimitar of holy wrath
             ... created by the Shining One
              (4 damage)
             ... on level 11 of the Dungeon.
             The game lasted 00:08:36 (8541 turns).

EnegeticOcto the Cleaver (Deep Dwarf Fighter)       Turns: 8541, Time: 00:08:37

Health: -1/99      AC: 19    Str: 26    XL:     11   Next: 50%
Magic:  14/14      EV:  9    Int: 11    God:    Makhleb [**....]
Gold:   597        SH: 17    Dex: 12    Spells: 10/10 levels left

rFire    + + .     SeeInvis .   a - +1 war axe
rCold    + . .     Gourm    +   l - +0 large shield
rNeg     . . .     Faith    .   n - +0 plate armour
rPois    .         Spirit   .   L - +0 helmet
rElec    .         Reflect  .   A - scarf {rC+ rF+}
rCorr    .         Harm     .   J - +2 pair of gloves
MR       +....                  j - +0 pair of boots
Stlth    ..........             y - amulet of the gourmand
HPRegen  0.00/turn              b - +3 ring of strength
MPRegen  0.14/turn              E - ring of protection from fire

@: non-regenerating, glowing
A: damage resistance, heal wounds, repulsion field 1, clever 1, sense
surroundings 2, no regeneration
a: Heal Wounds, Minor Destruction, Renounce Religion


You were on level 11 of the Dungeon.
You worshipped Makhleb.
Makhleb was pleased with you.
You were full.

You visited 2 branches of the dungeon, and saw 12 of its levels.

You collected 1019 gold pieces.
You spent 422 gold pieces at shops.

Inventory:

Hand Weapons
 a - a +1 war axe (weapon)
Missiles
 t - a throwing net (quivered) {!f}
Armour
 j - a +0 pair of boots (worn)
 l - a +0 large shield (worn)
 n - a +0 plate armour (worn)
 q - a scarf of cloud immunity
 A - a scarf of resistance (worn)
 J - a +2 pair of gloves (worn)
 L - a +0 helmet (worn)
 M - +0 swamp dragon scales
Jewellery
 b - a +3 ring of strength (left hand)
 m - an uncursed ring of ice
 y - an amulet of the gourmand (around neck)
 E - a ring of protection from fire (right hand)
Wands
 u - a wand of iceblast (16)
 z - a wand of acid (21)
 C - a wand of paralysis (11)
 I - a wand of enslavement (7)
Scrolls
 c - 4 scrolls of enchant weapon {@r8}
 g - a scroll of remove curse {@r2}
 r - 2 scrolls of immolation
 x - a scroll of fog
 F - a scroll of magic mapping {@r5}
 H - 2 scrolls of blinking {@r4}
Potions
 d - a potion of might {@q3}
 f - 5 potions of curing {@q1}
 h - 4 potions of flight
 i - 4 potions of brilliance
 k - 3 potions of haste {unknown}
 o - a potion of magic
 p - a potion of cancellation {unknown}
 s - 2 potions of heal wounds {@q2}
 D - a potion of mutation
 G - a potion of resistance {unknown}
 K - 3 potions of lignification {@q6}
Comestibles
 e - 21 rations


   Skills:
 + Level 6.7 Fighting
 * Level 10.8 Axes
 + Level 8.1 Armour
 + Level 7.2 Dodging
 + Level 8.2 Shields
 * Level 10.2 Invocations


You had 10 spell levels left.
You didn't know any spells.
Your spell library contained the following spells:

 Spells                   Type           Power        Failure   Level  Hunger
 Apportation              Tloc           #.....       100%        1    ##.....
 Infusion                 Chrm           #...         100%        1    ##.....
 Summon Butterflies       Summ           #.......     100%        1    ##.....
 Shroud of Golubria       Chrm/Tloc      #.....       100%        2    ###....
 Song of Slaying          Chrm           #.......     100%        2    ###....
 Lesser Beckoning         Tloc           #.........   100%        3    ####...
 Spectral Weapon          Hex/Chrm       #.......     100%        3    ####...
 Tukima's Dance           Hex            #.......     100%        3    ####...
 Alistair's Intoxication  Tmut/Pois      #.......     100%        5    ######.
 Invisibility             Hex            #.......     100%        6    #######
 Regeneration             Chrm/Necr      Unusable     N/A         3    N/A

Dungeon Overview and Level Annotations

Branches:
Dungeon (11/15)            Temple (1/1) D:6            Lair (0/6) D:11
    Orc: D:9-12

Altars:
Fedhas
Hepliaklqana
Kikubaaqudgha
Makhleb
Qazlal
Ru
Sif Muna
Trog
Wu Jian
Zin
The Shining One

Shops:
D:6 (*%   D:9 (   D:10 (

Portals:
Trove: D:10 (give +4 demon blade)

Annotations:
D:4 1 runed translucent door, Crazy Yiuf
D:11 exclusion: oklob plant


Innate Abilities, Weirdness & Mutations

You are resistant to damage.
You can heal yourself by infusing magical energy.
You passively map the area around you.
You do not regenerate.
You are surrounded by a mild repulsion field. (EV +2)
Your mind is acute. (Int +2)


Message History

This raw flesh tastes great.
Things that are here:
a large rock; a cyclops skeleton You see here a large rock.
You see here a large rock.
A soldier ant comes into view.
The soldier ant twitches its antennae in your direction.
There is an open door here.
A soldier ant is nearby!
A soldier ant is nearby!
A soldier ant is nearby!
You slash the soldier ant!
The soldier ant is moderately wounded.
You block the soldier ant's attack.
The Shining One sends the divine host to punish you for your evil ways!
The Shining One seems mollified. 2 daevas come into view.
A daeva is wielding a +4 long sword of holy wrath.
A daeva is wielding a +4 scimitar of holy wrath.
You hit the soldier ant but do no damage.
The soldier ant is moderately wounded.
The daeva blocks your attack.
An orc comes into view. It is wielding a +0 hand axe.
The soldier ant closely misses you.
The orc shouts!
You hit the soldier ant but do no damage.
The soldier ant is moderately wounded.
The daeva blocks your attack.
The soldier ant stings you but does no damage.
The daeva hits you with a +4 long sword of holy wrath.
The daeva closely misses you.
You hit the soldier ant but do no damage.
The soldier ant is moderately wounded.
The daeva blocks your attack. You block the soldier ant's attack.
The daeva calls down the wrath of the Shining One upon you.
The Shining One smites you!
The daeva calls down the wrath of the Shining One upon you.
The Shining One smites you!
You are too injured to fight recklessly!
You are too injured to fight recklessly!
You are too injured to fight recklessly!
You are too injured to fight recklessly!
You are too injured to fight recklessly!
You are too injured to fight recklessly!
You are too injured to fight recklessly!
You are too injured to fight recklessly!
You are too injured to fight recklessly!
You are too injured to fight recklessly!
You are too injured to fight recklessly!
You are too injured to fight recklessly!
You are too injured to fight recklessly!
You are too injured to fight recklessly!
You are too injured to fight recklessly!
The daeva calls down the wrath of the Shining One upon you.
The Shining One smites you!
* * * LOW HITPOINT WARNING * * *
There is an open door here.
You are too injured to fight recklessly!
You are too injured to fight recklessly!
You are too injured to fight recklessly!
You are too injured to fight recklessly!
You are too injured to fight recklessly!
You are too injured to fight recklessly!
You slash the soldier ant!
The soldier ant is severely wounded.
You block the soldier ant's attack. The soldier ant misses you.
Your shield and plate armour prevent you from hitting the soldier ant.
The soldier ant is severely wounded.
The daeva calls down the wrath of the Shining One upon you.
The Shining One smites you!
* * * LOW HITPOINT WARNING * * *
The soldier ant closely misses you.
You hit the soldier ant.
The soldier ant is severely wounded.
You block the soldier ant's attack.
You hit the soldier ant but do no damage.
The soldier ant is severely wounded.
You block the soldier ant's attack.
You hit the soldier ant.
The soldier ant is almost dead.
The soldier ant stings you but does no damage.
The daeva calls down the wrath of the Shining One upon you.
The Shining One smites you!
* * * LOW HITPOINT WARNING * * *
You slice the soldier ant!!
You kill the soldier ant!
Makhleb accepts your kill.
You feel better. The daeva hits you but does no damage.
You block the daeva's attack.
The daeva calls down the wrath of the Shining One upon you.
The Shining One smites you!
* * * LOW HITPOINT WARNING * * *
There is an open door here.
You see here a soldier ant corpse.
You slash the orc!
You kill the orc!
Makhleb accepts your kill.
You feel better. The daeva blocks your attack.
You closely miss the daeva. The daeva hits you but does no damage.
The daeva hits you with a +4 scimitar of holy wrath.
You die...

, ,, #...............# #.# ,
#...............# * #.+ ,
#...............#, #.# , ,
#...............#.* #.# ,
#.......(.......#. #.# ,
#......(†.......#.####.# ,,
,#####(###########......#### ...,
..#.#####)...............
...######.#.....@A.######........
..........#.....#A.# #..#.....
..........#.....#..######..#.....
..........#.....#................
..........#######................
...........#######........#######
...........#.....#........# ,
...........#.....#........# , ,
.######....'.....+........# .. #


You could see 2 daevas.

Vanquished Creatures
  Erica (D:10)
  A two-headed ogre (D:9)
  Urug (D:10)
  An unseen horror (D:9)
  Pikel (D:7)
  3 ugly things
  A cyclops (D:11)
  Joseph (D:8)
  A troll (D:10)
  Grinder (D:5)
  Prince Ribbit (D:7)
  A hippogriff (D:7)
  Sigmund (D:5)
  A wyvern (D:10)
  8 yaks
  A hungry ghost (D:9)
  Menkaure (D:7)
  3 vampire mosquitoes (D:10)
  A soldier ant (D:11)
  An ice beast (D:11)
  A water moccasin (D:7)
  Duvessa (D:4)
  2 sky beasts
  A necrophage (D:5)
  4 ogres
  3 eyes of draining
  A black bear (D:10)
  4 centaurs
  A bullfrog (D:8)
  Dowan (D:4)
  4 scorpions
  A water moccasin skeleton (D:8)
  6 killer bees (D:8)
  8 wights
  2 howler monkeys
  3 spriggan skeletons (D:9)
  A crimson imp (D:6)
  A bullfrog zombie (D:8)
  7 hounds
  A jelly (D:10)
  2 centaur skeletons (D:9)
  2 orc priests
  5 orc wizards
  Ijyb (D:4)
  3 iguanas
  6 worker ants
  A worker ant zombie (D:6)
  4 gnolls (D:6)
  7 adders
  3 oozes
  An adder skeleton (D:7)
  4 worms
  2 dart slugs
  7 leopard geckos
  30 orcs
  6 giant cockroaches
  9 goblins
  3 hobgoblins
  7 jackals
  6 quokkas
  2 ball pythons (D:2)
  6 bats
  4 frilled lizards
  10 kobolds
  A quokka zombie (D:10)
  2 rats (D:2)
218 creatures vanquished.

Vanquished Creatures (collateral kills)
  A crimson imp (D:11)
1 creature vanquished.

Vanquished Creatures (others)
  A black bear (D:7)
  A crimson imp (D:11)
  A leopard gecko (D:7)
3 creatures vanquished.

Grand Total: 222 creatures vanquished

Notes
Turn   | Place    | Note
-------+----------+-------------------------------------------
     0 | D:1      | EnegeticOcto the Deep Dwarf Fighter began the quest for the
                  | Orb.
     0 | D:1      | Reached XP level 1. HP: 20/20 MP: 1/1
   107 | D:1      | Reached XP level 2. HP: 27/27 MP: 2/2
   781 | D:2      | Reached XP level 3. HP: 29/33 MP: 3/3
   950 | D:2      | Found a faded altar of an unknown god.
   957 | D:2      | Reached skill level 1 in Dodging
   963 | D:2      | Became a worshipper of the Shining One
   963 | D:2      | Reached * piety under the Shining One
  1257 | D:2      | Reached XP level 4. HP: 29/42 MP: 4/4
  1773 | D:3      | Reached XP level 5. HP: 41/49 MP: 5/5
  2197 | D:4      | Noticed Duvessa
  2198 | D:4      | Noticed Dowan
  2203 | D:4      | Killed Duvessa
  2203 | D:4      | Reached XP level 6. HP: 46/56 MP: 6/6
  2203 | D:4      | Reached ** piety under the Shining One
  2213 | D:4      | Killed Dowan
  2318 | D:4      | Reached skill level 5 in Axes
  2481 | D:4      | Noticed Ijyb
  2496 | D:4      | Killed Ijyb
  2576 | D:4      | Found a runed translucent door.
  2577 | D:4      | Noticed Crazy Yiuf
  2969 | D:5      | Entered Level 5 of the Dungeon
  3071 | D:5      | Reached XP level 7. HP: 62/63 MP: 7/7
  3474 | D:5      | Noticed Sigmund
  3480 | D:5      | Killed Sigmund
  3480 | D:5      | Reached skill level 5 in Armour
  3500 | D:5      | Reached skill level 5 in Shields
  3635 | D:5      | Noticed Grinder
  3655 | D:5      | Paralysed by Grinder for 3 turns
  3664 | D:5      | Paralysed by Grinder for 4 turns
  3671 | D:5      | Paralysed by Grinder for 5 turns
  3681 | D:5      | Killed Grinder
  3681 | D:5      | Reached XP level 8. HP: 68/73 MP: 8/8
  3745 | D:6      | Found Gyetz's Antique Weapon Shop.
  3987 | D:6      | Found a staircase to the Ecumenical Temple.
  3994 | Temple   | Entered the Ecumenical Temple
  4013 | Temple   | Fell from the grace of the Shining One
  4013 | Temple   | Became a worshipper of Ru the Awakened
  4018 | Temple   | Fell from the grace of Ru
  4018 | Temple   | Became a worshipper of Makhleb the Destroyer
  4051 | D:6      | You fall into a shaft and drop 1 floor!
  4078 | D:7      | Noticed Menkaure
  4093 | D:7      | Killed Menkaure
  4093 | D:7      | Reached skill level 1 in Invocations
  4243 | D:7      | Noticed Pikel
  4258 | D:7      | Killed Pikel
  4412 | D:6      | Found Xobounep's Assorted Antiques.
  4418 | D:6      | Bought a scroll labeled SANEDE KIOTAS for 26 gold pieces
  4418 | D:6      | Bought a scroll labeled SISATREHAD for 26 gold pieces
  4418 | D:6      | Bought 2 black potions for 46 gold pieces
  4439 | D:6      | Found Jaisupp's Food Boutique.
  4598 | D:6      | Found a hazy altar of Hepliaklqana.
  4692 | D:7      | Gained mutation: Your mind is acute. (Int +2) [potion of
                  | mutation]
  4692 | D:7      | Gained mutation: You are surrounded by a mild repulsion
                  | field. (EV +2) [potion of mutation]
  4697 | D:7      | Gained mutation: You passively map the area around you.
                  | [Deep Dwarf growth]
  4697 | D:7      | Reached XP level 9. HP: 75/80 MP: 8/10
  4955 | D:7      | Reached skill level 5 in Fighting
  5006 | D:7      | Noticed Prince Ribbit
  5116 | D:7      | Killed Prince Ribbit
  5337 | D:7      | Reached skill level 5 in Dodging
  5337 | D:7      | Reached skill level 5 in Invocations
  5590 | D:8      | Noticed Joseph
  5608 | D:8      | Killed Joseph
  5608 | D:8      | Reached * piety under Makhleb
  6444 | D:9      | Found Nemefua's Antique Weapon Shoppe.
  6466 | D:9      | Bought a scorched morningstar for 324 gold pieces
  6466 | D:9      | Identified the cursed +1 morningstar of the Warrior {drain,
                  | MR+} (You bought it in a shop on level 9 of the Dungeon)
  6494 | D:9      | Reached XP level 10. HP: 56/90 MP: 12/12
  6591 | D:9      | Reached ** piety under Makhleb
  6684 | D:9      | Killed an unseen horror
  6758 | D:9      | Noticed a two-headed ogre
  6767 | D:9      | Killed a two-headed ogre
  7017 | D:9      | Noticed an angel
  7017 | D:9      | Identified the cursed -3 large shield of Netui {rPois rF++
                  | rC- rN+}
  7017 | D:9      | Noticed a daeva
  7041 | D:10     | Entered Level 10 of the Dungeon
  7062 | D:10     | Noticed Urug
  7105 | D:10     | Killed Urug
  7105 | D:10     | Reached skill level 10 in Axes
  7146 | D:10     | Noticed a red ugly thing
  7182 | D:10     | Killed a red ugly thing
  7182 | D:10     | Reached XP level 11. HP: 58/98 MP: 14/14
  7460 | D:10     | Noticed Erica
  7473 | D:10     | Paralysed by something for 7 turns
  7510 | D:10     | Killed Erica
  7599 | D:10     | Found a portal to a secret trove of treasure.
  7619 | D:10     | Found Vosh's Antique Weapon Boutique.
  8060 | D:10     | Reached *** piety under Makhleb
  8125 | D:11     | Found a staircase to the Lair.
  8125 | D:11     | Noticed an oklob plant
  8392 | D:11     | Noticed a brown ugly thing
  8413 | D:11     | Killed a brown ugly thing
  8413 | D:11     | Reached skill level 10 in Invocations
  8445 | D:11     | Noticed an angel
  8487 | D:11     | Noticed a cyan ugly thing
  8504 | D:11     | Killed a cyan ugly thing
  8527 | D:11     | Was forgiven by the Shining One
  8528 | D:11     | Noticed a daeva
  8528 | D:11     | Noticed a daeva
  8540 | D:11     | HP: 2/99 [daeva/divine providence[the Shining One] (11)]
  8541 | D:11     | Slain by a daeva

Levels and vault maps discovered:
D:1:      scummos_arrival_gate, layout_basic
D:2:      kennysheep_six_static_rooms, layout_basic,
          chequers_ecumenical_altar_simple
D:3:      layout_basic, first_ration
D:4:      layout_cave_pods, uniq_ijyb, uniq_duvessa, uniq_crazy_yiuf_cottage
D:5:      layout_basic, uniq_grinder, uniq_sigmund
D:6:      cheibrodos_thug_alley, layout_basic, overflow_temple_1_default,
          minmay_temple_entry_waves, serial_shops, shop,
          nicolae_shop_statue_plus, shop_coins
D:7:      layout_basic, serial_co_window_serial, co_window_of_opportunity_a,
          co_window_paths_a, co_window_paths_b, co_window_paths_a,
          co_window_paths_a, co_window_broadway_c, co_window_corner_ca,
          co_window_corner_b, co_window_corner_b, co_window_of_opportunity_c,
          co_window_unsneaky_path_d, co_window_unsneaky_path_c, glass_columns_a,
          glass_columns_b, uniq_prince_ribbit1, uniq_menkaure, uniq_pikel
D:8:      layout_loops_ring, uniq_joseph
D:9:      layout_rooms, serial_shops, shop, hangedman_tell_no_tales
D:10:     layout_cave_pods, enter_trove_6, serial_shops, shop, uniq_erica,
          uniq_urug
D:11:     layout_stronghold, dpeg_oklobed_lair
Temple:   nicolae_temple_the_god_donut

Skill      XL: |  1  2  3  4  5  6  7  8  9 10 11 |
---------------+----------------------------------+-----
Axes           | 3 4 5 6 7 8 10 | 10.8
Dodging        | 1 2 3 4 5 6 7 |  7.2
Fighting       | 3 4 5 6 |  6.7
Armour         | 4 5 6 7 8 |  8.1
Shields        | 4 5 6 7 8 |  8.2
Invocations    | 4 6 9 10 | 10.2

Action                   |  1- 3 |  4- 6 |  7- 9 | 10-12 || total
-------------------------+-------+-------+-------+-------++-------
Melee: War axe           |    97 |   103 |   363 |   418 ||   981
Invok: Lesser Servant of |       |       |       |     2 ||     2
 Abil: Heal Wounds       |       |     3 |     9 |    13 ||    25
Evoke: Wand              |       |       |       |     2 ||     2
  Use: Scroll            |     2 |     6 |    10 |     5 ||    23
       Potion            |       |       |     1 |     1 ||     2
 Stab: Paralysed         |       |       |       |     7 ||     7
  Eat: Chunk             |     1 |     6 |    12 |    15 ||    34
Armor: Scale mail        |    47 |       |       |       ||    47
       Plate armour      |     1 |    46 |   135 |   215 ||   397
Dodge: Dodged            |    23 |    10 |    70 |   100 ||   203
Block: Shield            |    22 |       |       |       ||    22
       Large shield      |    47 |    96 |   319 |   355 ||   817

Table legend:
 A = Non-vault XP
 B = Vault XP
 C = Vault XP percentage of total XP
 D = Non-vault monster count
 E = Vault monster count
 F = Vault count percentage of total count
                 A         B        C        D         E       F
            +---------+---------+-------+---------+---------+-------
      Total |   11213 |    5199 |  31.7 |     197 |      23 |  10.5
            +---------+---------+-------+---------+---------+-------
        D:1 |      37 |       0 |   0.0 |      15 |       0 |   0.0
        D:2 |      76 |       9 |  10.6 |      23 |       5 |  17.9
        D:3 |     138 |       0 |   0.0 |      19 |       0 |   0.0
        D:4 |     202 |     250 |  55.3 |      13 |       3 |  18.8
        D:5 |     354 |     509 |  59.0 |      12 |       2 |  14.3
        D:6 |     211 |       0 |   0.0 |      13 |       0 |   0.0
        D:7 |     717 |    1088 |  60.3 |      11 |       3 |  21.4
        D:8 |    1247 |     460 |  26.9 |      26 |       1 |   3.7
        D:9 |    2426 |    1154 |  32.2 |      20 |       7 |  25.9
       D:10 |    3497 |    1729 |  33.1 |      35 |       2 |   5.4
       D:11 |    2308 |       0 |   0.0 |      10 |       0 |   0.0
            +---------+---------+-------+---------+---------+-------
